 Dungeon Sprint DCSS version 0.17-a0-1691-g18a3847 (webtiles) character file.

636 cmyster the Unseen (level 7, -12/45 HPs)
             Began as a Kobold Assassin on Aug 20, 2015.
             Was an Initiate of Dithmenos.
             Mangled by Sonja
             ... wielding a +0 short sword of distortion
              (14 damage)
             ... in the Dungeon (Sprint I: "Red Sonja").
             The game lasted 00:03:04 (234 turns).

cmyster the Unseen (Kobold Assassin)                 Turns: 234, Time: 00:03:04

Health: -12/45     AC:  3    Str: 10    XL:     7   Next: 79%
Magic:  7/7        EV: 17    Int: 10    God:    Dithmenos [......]
Gold:   297        SH:  0    Dex: 18    Spells: 0 memorised, 6 levels left

rFire  . . .     SeeInvis .     a - +2 dagger
rCold  . . .     Clarity  .     c - +0 robe
rNeg   . . .     SustAt   .     (shield restricted)
rPois  .         Gourm    .     (no helmet)
rElec  .         Spirit   .     d - +0 cloak
rCorr  .         Warding  .     (no gloves)
rMut   .         NoTele   +     (no boots)
MR     .....                    (no amulet)
Stlth  ++++++++..               (no ring)
                                (no ring)

@: lethally poisoned (-12 -> -16), very slightly contaminated, hasted and
slowed, not resistant to hostile enchantments, extraordinarily stealthy
A: carnivore 3
a: Renounce Religion


You were in the Dungeon.
You worshipped Dithmenos.
Dithmenos was noncommittal.
You were not hungry.

You visited 1 branch You collected 297 gold pieces.

Inventory:

Hand weapons
 a - a +2 dagger (weapon)
 b - a +0 blowgun
Missiles
 e - 8 poisoned needles
 f - 2 curare-tipped needles
Armour
 c - a +0 robe (worn)
 d - a +0 cloak (worn)
Scrolls
 m - a scroll of blinking
Potions
 h - a potion of curing
 i - a potion of heal wounds
 k - 2 potions of magic
 l - a potion of berserk rage
Comestibles
 g - a meat ration


   Skills:
 + Level 5.8 Fighting
 + Level 7.0 Short Blades
 - Level 2.6 Throwing
 + Level 4.0 Dodging
 + Level 18.4 Stealth


You had 6 spell levels left.
You didn't know any spells.

Dungeon Overview and Level Annotations

Branches:
Dungeon (1/1)

Altars:
Cheibriados
Dithmenos
Elyvilon
Fedhas
Gozag
Kikubaaqudgha
Makhleb
Nemelex Xobeh
Okawaru
Qazlal
Ru
Sif Muna
Trog
Vehumet
Xom
Yredelemnul
Zin
The Shining One
Jiyva

Shops:
D *

Annotations:
D Sonja


Innate Abilities, Weirdness & Mutations

You are small and have problems with some larger weapons.
You are carnivorous and can eat meat at any time.


Message History

Its appearance distorts for a moment.
Sonja wields an uncursed blowgun.
Sonja shoots a curare-tipped needle.
The curare-tipped needle barely misses you.
Sonja unwields an uncursed blowgun.
Sonja wields an uncursed short sword of distortion.
Its appearance distorts for a moment.
Sonja closely misses you. Sonja barely misses you. x2
There is an open door here.
You hit Sonja.
Sonja is moderately wounded.
Sonja hits you with an uncursed short sword of distortion.
Space bends around you.
* * * LOW HITPOINT WARNING * * *
Sonja hits you with an uncursed short sword of distortion.
* * * LOW HITPOINT WARNING * * *
You feel a strange sense of stasis.
Sonja hits you with an uncursed short sword of distortion!
* * * LOW HITPOINT WARNING * * *
Space warps horribly around you!
You die...

#<.#.)'..#.)'..#__#
#..'..#.)'..#..'..+
#..#####'#####'#__#
#..####..#...#.####
#..#__####..##)#
#..#_..__##'#..+
#⌠⌠#_.∩...'.(._#
####_..._##K(#+#
#_____###@# #######
#.# +$.$+ #$.(#
##.## #+#


You could see Sonja.

Vanquished Creatures
  A slime creature (D)
  A yak (D)
  Sigmund (D)
  An ogre (D)
  Ijyb (D)
  A jelly (D)
6 creatures vanquished.

Notes
Turn   | Place    | Note
--------------------------------------------------------------
     0 | D        | cmyster the Kobold Assassin began the quest for the Orb.
     0 | D        | Reached XP level 1. HP: 12/12 MP: 1/1
     4 | D        | Noticed Ijyb
     9 | D        | Killed Ijyb
     9 | D        | Reached skill level 9 in Stealth
     9 | D        | Reached XP level 2. HP: 15/18 MP: 2/2
     9 | D        | Reached XP level 3. HP: 18/22 MP: 3/3
    12 | D        | Noticed an ogre
    15 | D        | Killed an ogre
    15 | D        | Reached skill level 12 in Stealth
    15 | D        | Reached XP level 4. HP: 21/29 MP: 4/4
    15 | D        | Reached XP level 5. HP: 23/33 MP: 5/5
    31 | D        | Noticed Sigmund
    34 | D        | Killed Sigmund
    34 | D        | Reached skill level 5 in Short Blades
    34 | D        | Reached skill level 15 in Stealth
    34 | D        | Reached XP level 6. HP: 28/39 MP: 6/6
    48 | D        | Found a deep blue altar of Sif Muna.
    49 | D        | Noticed a jelly
    50 | D        | Found a radiant altar of Vehumet.
    55 | D        | Killed a jelly
    65 | D        | Found a snail-covered altar of Cheibriados.
    65 | D        | Found a viscous altar of Jiyva.
    65 | D        | Found a shadowy altar of Dithmenos.
    65 | D        | Found a blossoming altar of Fedhas.
    65 | D        | Noticed a slime creature
    69 | D        | Became a worshipper of Dithmenos the Shadowed
    70 | D        | Killed a slime creature
    70 | D        | Reached skill level 5 in Fighting
    70 | D        | Reached skill level 17 in Stealth
    70 | D        | Reached XP level 7. HP: 28/44 MP: 7/7
   213 | D        | Found Zaisaum's Assorted Antiques.
   213 | D        | Found a white marble altar of Elyvilon.
   213 | D        | Found a stormy altar of Qazlal.
   213 | D        | Found a burning altar of Makhleb.
   213 | D        | Found a sacrificial altar of Ru.
   213 | D        | Found a basalt altar of Yredelemnul.
   213 | D        | Found a glowing golden altar of the Shining One.
   213 | D        | Found a sparkling altar of Nemelex Xobeh.
   213 | D        | Found a shimmering altar of Xom.
   213 | D        | Found an opulent altar of Gozag.
   213 | D        | Found an ancient bone altar of Kikubaaqudgha.
   213 | D        | Found a glowing silver altar of Zin.
   213 | D        | Noticed a yak
   214 | D        | Found an iron altar of Okawaru.
   215 | D        | Killed a yak
   215 | D        | Reached skill level 18 in Stealth
   216 | D        | Found a bloodstained altar of Trog.
   227 | D        | Noticed Sonja
   234 | D        | HP: 2/45 [Sonja/uncursed short sword of distortion (7)]
   234 | D        | Mangled by Sonja

Vault maps used:
D:        dungeon_sprint_1

Action                   |  1- 3 |  4- 6 |  7- 9 || total
-------------------------+-------+-------+-------++-------
Melee: Dagger            |     4 |     6 |     3 ||    13
  Use: Scroll            |       |     1 |       ||     1
       Potion            |       |       |     1 ||     1
 Stab: Sleeping          |     2 |     2 |     1 ||     5
